 Dungeon Crawl Stone Soup version 0.17.1-2-g5865329 (webtiles) character file.

1227960 xeno23 the Ninja (level 25, -2/210 HPs)
             Began as a Felid Transmuter on Feb 5, 2016.
             Was the Champion of Ru.
             Killed by an exploding ball lightning (25 damage)
             ... created by Lom Lobon
             ... on level 11 of the Dungeon on Feb 6, 2016.
             The game lasted 12:53:23 (100759 turns).

xeno23 the Ninja (Felid Transmuter)               Turns: 100759, Time: 12:53:23

Health: -2/210     AC: 13    Str: 19      XL:     25
Magic:  29/49      EV: 25    Int: 17      God:    Ru [******]
Gold:   9119       SH:  0    Dex: 21 (22) Spells: 12 memorised, 16 levels left
                                        Lives:  0   Deaths: 10

rFire  + + +     SeeInvis +       - Unarmed
rCold  . . .     Clarity  .     (armour unavailable)
rNeg   . . .     SustAt   .     (shield unavailable)
rPois  +         Gourm    .     (helmet unavailable)
rElec  .         Spirit   .     (cloak unavailable)
rCorr  .         Warding  .     (gloves unavailable)
rMut   .         Stasis   .     (boots unavailable)
MR     +++..                    R - amulet of regeneration
Stlth  ++........               J - ring "Gez Vuna" {+Fly rF+ rC+ MR+ Int+3}
                                I - +6 ring of slaying

@: exhausted, about to teleport, dragon-form, no potions, flying (expiring),
deflect missiles, drained, extremely resistant to hostile enchantments,
unstealthy
A: no armour, no weapons or thrown items, (antennae 0), (claws 0), (fangs 0),
(thin metallic scales 0), see invisible, carnivore 3, clumsy 1, deterioration 1,
dopey 2, (speed 0), mutation resistance 1, (shaggy fur 0), (electricity
resistance), slow regeneration 1, slow metabolism 1, strong 1, inability to
drink while threatened, hated by all, vulnerability to harm 1, magic
vulnerability 1, inexperienced 1, (sharp paws)
a: End Transformation, Draw Out Power, Power Leap, Apocalypse, Renounce
Religion, Breathe Fire
0: Orb of Zot
}: 15/15 runes: decaying, slimy, silver, golden, iron, obsidian, icy, bone,
abyssal, demonic, glowing, magical, fiery, dark, gossamer


You were on level 11 of the Dungeon.
You worshipped Ru.
Ru was exalted by your worship.
You were very full.
You were a fearsome dragon!
You visited 17 branches of the dungeon, and saw 94 of its levels.
You visited Pandemonium 1 time, and saw 28 of its levels.
You visited the Abyss 2 times.
You visited 1 bazaar.
You visited 1 ziggurat, and saw 22 of its levels.
You also visited: Labyrinth, Sewer and Ossuary.

You collected 15503 gold pieces.
You spent 6384 gold pieces at shops.

Inventory:

Jewellery
 g - the ring "Zeggenon" {+/*Tele Int+2}
   (You found it on level 18 of a ziggurat)

   [ring of teleportation]

   It may teleport you next to monsters, and can be evoked to randomly teleport.
   It affects your intelligence (+2).
 l - an uncursed ring of wizardry
 n - an uncursed amulet of resist mutation
 s - the brooch of Shielding {Ward rN+ AC+4 EV+4}
   (You found it on level 7 of Tartarus)

   [amulet of warding]

   It may prevent the melee attacks of summoned creatures.
   It affects your AC (+4).
   It affects your evasion (+4).
   It protects you from negative energy.
 t - the necklace of Bloodlust {*Rage +Rage MR+ Str+2 Int-2 Slay+3 *Curse}
   (You found it on level 3 of the Realm of Zot)

   [amulet of rage]

   It affects your strength (+2).
   It affects your intelligence (-2).
   It affects your accuracy and damage with ranged weapons and melee attacks
   (+3).
   It affects your resistance to hostile enchantments.
   It lets you go berserk.
   It may make you go berserk in combat.
   It may re-curse itself when equipped.
 I - a +6 ring of slaying (left foreclaw)
 J - the ring "Gez Vuna" (right foreclaw) {+Fly rF+ rC+ MR+ Int+3}
   (You found it on level 6 of a ziggurat)

   [ring of flight]

   It affects your intelligence (+3).
   It protects you from fire.
   It protects you from cold.
   It affects your resistance to hostile enchantments.
   It lets you fly.
 L - a ring of the Octopus King {MP+9 AC+1 EV+1 Str+1 Int+1 Dex+1}
   (You found it on level 13 of a ziggurat)

   [ring of magical power]

   It affects your AC (+1).
   It affects your evasion (+1).
   It affects your strength (+1).
   It affects your intelligence (+1).
   It affects your dexterity (+1).
   It affects your magic capacity (+9).
 R - an amulet of regeneration (around neck)
 T - the amulet "Gionit" {Stasis +Fly Dex+6}
   (You found it on level 3 of the Elven Halls)

   [amulet of stasis]

   It prevents you from being teleported, slowed, hasted or paralysed.
   It affects your dexterity (+6).
   It lets you fly.
Wands
 a - a wand of invisibility (6)
 j - a wand of disintegration (8)
 p - a wand of draining (9)
 y - a wand of teleportation (3)
 Q - a wand of digging (5)
 X - a wand of hasting (2)
 Z - a wand of heal wounds (3)
Scrolls
 d - 25 scrolls of teleportation
 i - 28 scrolls of identify
 m - 3 scrolls of magic mapping
 w - 7 scrolls of amnesia
 C - 3 scrolls of blinking
 D - 15 scrolls of recharging
 K - 32 scrolls of remove curse
 M - 11 scrolls of fear
 N - 5 scrolls of holy word
 O - 6 scrolls of silence
 U - 17 scrolls of fog
Potions
 b - 4 potions of berserk rage
 e - 33 potions of curing
 k - 7 potions of haste
 o - 8 potions of flight
 q - 6 potions of cancellation
 r - 8 potions of invisibility
 u - 16 potions of brilliance
 v - 16 potions of heal wounds
 x - 15 potions of might
 z - 10 potions of magic
 B - 13 potions of resistance
 E - 6 potions of cure mutation
 Y - 17 potions of agility
Books
 h - a book of Transfigurations

   Spells                             Type                      Level
   a - Stoneskin                      Transmutation/Earth          2
   b - Irradiate                      Conjuration/Transmutation    5
   c - Statue Form                    Transmutation/Earth          6
   d - Hydra Form                     Transmutation                6
   e - Dragon Form                    Transmutation                7
 A - a Necronomicon

   Spells                             Type                      Level
   a - Haunt                          Necromancy/Summoning         7
   b - Borgnjor's Revivification      Necromancy                   8
   c - Death's Door                   Charms/Necromancy            8
   d - Necromutation                  Transmutation/Necromancy     8
 G - a book of Burglary

   Spells                             Type                      Level
   a - Swiftness                      Charms/Air                   2
   b - Passwall                       Transmutation/Earth          3
   c - Passage of Golubria            Translocation                4
   d - Lee's Rapid Deconstruction     Earth                        5
   e - Darkness                       Hexes                        6
   f - Invisibility                   Hexes                        6
Comestibles
 c - 23 meat rations
 f - 12 beef jerkies
 F - 9 slices of pizza


   Skills:
 O Level 27(25.4) Fighting
 O Level 27(25.4) Dodging
 O Level 27(25.4) Stealth
 O Level 27(25.4) Unarmed Combat
 + Level 21.0(19.6) Spellcasting
 - Level 7.0(6.0) Hexes
 + Level 24.8(23.3) Charms
 - Level 18.4(17.2) Translocations
 O Level 27(25.4) Transmutations
 - Level 10.0(8.9) Air Magic
 - Level 12.6(11.4) Earth Magic
 - Level 13.0(11.9) Evocations


You had 16 spell levels left.
You knew the following spells:

 Your Spells              Type           Power        Failure   Level  Hunger
a - Haste                 Chrm           #######.     1%          6    #####..
b - Passwall              Trmt/Erth      ######....   0%          3    None
c - Silence               Hex/Air        #####.....   6%          5    ###....
d - Phase Shift           Tloc           ######....   1%          5    ###....
e - Regeneration          Chrm/Necr      ######....   1%          3    None
f - Stoneskin             Trmt/Erth      ######..     0%          2    None
g - Blink                 Tloc           N/A          0%          2    None
h - Petrify               Trmt/Erth      ######..     1%          4    None
q - Statue Form           Trmt/Erth      ######...    1%          6    #####..
r - Deflect Missiles      Chrm/Air       ######....   1%          6    #####..
v - Apportation           Tloc           ######....   0%          1    None
w - Dragon Form           Trmt           #######...   1%          7    ######.


Dungeon Overview and Level Annotations

Branches:
Dungeon (15/15)            Temple (0/1) D:7            Lair (8/8) D:10
  Swamp (4/4) Lair:3       Spider (4/4) Lair:3        Slime (6/6) Lair:6
    Orc (4/4) D:9             Elf (3/3) Orc:3        Vaults (5/5) D:14
  Crypt (3/3) Vaults:3       Tomb (3/3) Crypt:3      Depths (5/5) D:15
   Hell (1/1)                 Dis (7/7) Hell            Geh (7/7) Hell
    Coc (7/7) Hell            Tar (7/7) Hell            Zot (5/5) Depths:5

Altars:
Cheibriados
Elyvilon
Kikubaaqudgha
Nemelex Xobeh
Okawaru
Ru
Trog
Xom
Yredelemnul
Zin
The Shining One
Beogh

Shops:
D:4 %   D:9 ((   Orc:1 }   Orc:2 [   Orc:4 *=[(   Elf:1 :   Vaults:1 [
Vaults:5 =   Depths:2 *(?

Portals:
Hell: Depths:1 Depths:2 Depths:3 Depths:4 Depths:5
Abyss: Depths:1 Depths:4
Pandemonium: Depths:1 Depths:3 Depths:4 Depths:5
Trove: Elf:1 (give 14 potions of heal wounds)

Annotations:
D:11 Lom Lobon
Lair:5 exclusion: 2 oklob plants
Geh:7 Asmodeus, Serpent of
Hell
Coc:7 exclusion: ice statue, Antaeus


Innate Abilities, Weirdness & Mutations

You cannot wear armour.
You are incapable of wielding weapons or throwing items.
((You have sharp claws.))
((You have razor-sharp teeth.))
You have supernaturally acute eyesight.
You are carnivorous and can eat meat at any time.
You are clumsy. (Dex -2)
You are very dopey. (Int -4)
((You cover ground quickly.))
((Your thick and shaggy fur keeps you warm (AC +3, rC+).))
You have a slow metabolism.
You cannot drink potions while threatened.
You are hated by all.
You take slightly more damage. (-3 AC)
You are slightly vulnerable to magic.
You are somewhat inexperienced (-2 XL).
((Your sharp claws are effective at attacking unaware monsters.))
((You have a pair of small antennae on your head.))
((You are partially covered in thin metallic scales (AC +2).))
Your body sometimes deteriorates upon taking damage.
You are somewhat resistant to further mutation.
((You are resistant to electric shocks.))
You regenerate slowly when monsters are visible.
Your muscles are strong. (Str +2)


Message History

The bolt of lightning misses you.
You take 45 damage.
Unknown command.
Casting: Blink
Confirm with . or Enter, or press ? or * to list all spells.
You blink.
You are engulfed in freezing vapours.
* * * LOW HITPOINT WARNING * * *
The ice encasing you melts away.
The titan dies!
* * * LOW HITPOINT WARNING * * *
The ball lightning explodes!
The blast of lightning engulfs Lom Lobon.
Lom Lobon completely resists.
The blast of lightning engulfs you!
* * * LOW HITPOINT WARNING * * *
The ball lightning explodes!
The blast of lightning engulfs the ball lightning.
The ball lightning completely resists.
The blast of lightning engulfs Lom Lobon.
Lom Lobon completely resists.
The blast of lightning engulfs you!
You die...

#...............# #.....
#####...........# #.....
#§§§§§......# #.....
#§§§§######## ######
#§§§§# # #§§§§# #
#§§§§####### ######
#####§*§§§§....# ##....#
#§§§*&§§§D§....# #.....#
#§§§§§§§§§§....# #.....'
#§§§§§§§§§§....# #.....#
#§§q§§§§§§§....# #.....#
#§§§§§§§§§§....########..#
##§##########'##...####'##
#....#...................
#....#...................
################....###.##


You could see Lom Lobon, a mottled draconian annihilator and 2 ball lightnings.

Vanquished Creatures
  the royal jelly (Slime:6)
  Ereshkigal (Tar:7)
  A seraph (Pan)
  Mnoleg (Pan)
  Dispater (Dis:7)
  10 ancient liches
  The ghost of DEFE the Sorcerer, a legendary DEFi of Cheibriados (Zig:17)
  4 orbs of fire (Zot:5)
  Mara (Vaults:5)
  Mennas (Pan)
  A juggernaut (Depths:5)
  13 pandemonium lords
  44 greater mummies
  Sojobo (Depths:2)
  Frederick (Depths:4)
  A shard shrike (Coc:7)
  Margery (Depths:2)
  Saint Roka (Depths:2)
  A caustic shrike (Depths:2)
  12 Killer Klowns
  A curse toe (Zot:3)
  A caustic shrike (shapeshifter) (Vaults:5)
  Geryon (Hell)
  Nikola (Elf:2)
  11 golden dragons
  Jory (Depths:3)
  A profane servitor (Zig:20)
  Xtahua (Vaults:5)
  2 pearl dragons (Pan)
  5 bone dragons
  17 Brimstone Fiends
  7 electric golems
  10 liches
  6 Ice Fiends
  20 tentacled monstrosities
  7 Hell Sentinels
  26 Orb Guardians
  Asterion (Vaults:1)
  2 deep elf blademasters
  9 titans
  2 deep elf master archers
  5 quicksilver dragons
  11 death cobs
  An eldritch tentacle (Pan)
  8 Shadow Fiends
  11 ancient champions
  7 sphinxes
  3 quicksilver dragons (shapeshifter)
  Gastronok (Lair:3)
  A tentacled starspawn (Abyss:3)
  17 acid blobs
  20 Executioners
  3 octopode crushers (Zig:19)
  2 thorn hunters
  Agnes (Spider:3)
  Frances (Swamp:2)
  13 shadow dragons
  6 draconian monks
  6 greater nagas
  11 tengu reavers
  10 revenants
  25 storm dragons
  20 daevas
  Wiglaf (Vaults:1)
  A fire giant (shapeshifter) (Zig:22)
  14 frost giants
  12 fire giants
  8 azure jellies
  Donald (Vaults:1)
  16 vault wardens
  7 iron dragons
  3 draconian knights
  Maud (Orc:4)
  7 orc warlords
  An azure jelly (shapeshifter) (Zig:22)
  2 warmongers
  7 draconian zealots
  7 cacodemons
  Aizul (Spider:3)
  11 deep elf sorcerers (Elf:3)
  22 balrugs
  9 curse skulls
  3 draconian scorchers
  A caustic shrike zombie (Zig:14)
  A juggernaut zombie (Zig:21)
  8 emperor scorpions
  9 draconian shifters
  13 ghouls
  31 angels (Pan)
  20 ghost moths
  10 draconian annihilators
  19 very ugly things
  2 spriggan defenders
  6 war gargoyles
  15 ophanim
  2 juggernaut skeletons
  17 ironheart preservers
  2 caustic shrike skeletons
  3 elemental wellsprings (Coc:7)
  31 reapers
  5 draconian callers
  9 deep elf demonologists
  19 stone giants
  4 blood saints
  10 green draconians
  23 apis (Pan)
  7 salamander firebrands
  4 bennus (Zig:21)
  14 vampire knights
  13 purple draconians
  9 red draconians
  3 corrupters
  12 deep elf annihilators
  A salamander stormcaller (Zig:13)
  10 black draconians
  6 yellow draconians
  7 mottled draconians
  2 dire elephants (shapeshifter) (Zig:22)
  5 lorocyprocas
  8 white draconians
  23 ettins
  10 green deaths
  7 chaos champions
  A crystal guardian (Vaults:4)
  26 blizzard demons
  17 death oozes
  8 eidola
  A quicksilver dragon zombie (Coc:7)
  2 merfolk javelineers (Zig:19)
  34 vault guards
  32 mummy priests
  19 deep elf death magi
  14 great orbs of eyes
  12 jiangshi
  Josephine (D:15)
  The ghost of Lonerover the Fighter, a journeyman MiFi of Okawaru (Elf:2)
  16 yaktaur captains
  A minotaur (Lab)
  11 deep elf high priests
  26 fire dragons
  12 entropy weavers
  A naga warrior (Zig:19)
  18 rakshasas
  6 spriggan air magi
  20 ice dragons
  3 quicksilver dragon skeletons
  2 catoblepae
  27 hydras
  4 monstrous demonspawn (Pan)
  2 ghost crabs
  17 centaur warriors
  4 hell beasts
  An alligator snapping turtle (shapeshifter) (Zig:22)
  A death knight (Zig:20)
  2 alligator snapping turtles (Zig:19)
  3 merfolk aquamancers (Zig:19)
  20 ogre magi
  13 dancing weapons (Elf:2)
  9 vampire magi
  10 alligators
  27 death yaks
  2 spectral frost giants (Crypt:3)
  9 deep troll earth magi
  6 tengu warriors
  A queen ant (Spider:4)
  19 deep troll shamans
  A naga sharpshooter (Zig:7)
  A shock serpent (Zig:8)
  3 titan zombies
  A spriggan berserker (Depths:4)
  8 hell hogs
  Urug (Orc:4)
  9 orc high priests
  4 thrashing horrors
  21 soul eaters
  3 titan skeletons
  4 storm dragon zombies
  5 spriggans
  Nergalle (D:12)
  2 iron golems (Hell)
  76 death scarabs
  2 fire crabs
  18 deep elf knights
  4 wretched stars
  23 hell knights
  34 shadow wraiths
  A spatial maelstrom (Abyss:3)
  A salamander mystic (Geh:3)
  20 ice devils
  32 sun demons
  22 cherubim (Pan)
  5 golden dragon zombies
  54 skeletal warriors
  A spectral catoblepas (Crypt:3)
  4 anaconda zombies
  2 storm dragon skeletons
  33 deep trolls
  9 iron trolls
  19 shadow demons
  3 spriggan druids
  An unseen horror (shapeshifter) (Depths:1)
  3 infernal demonspawn
  11 swamp dragons
  20 flayed ghosts
  17 deep elf summoners
  4 unseen horrors
  5 gelid demonspawn
  8 giant orange brains
  3 shambling mangroves
  A ghost moth zombie (Hell)
  A deep troll (shapeshifter) (Vaults:4)
  19 orc knights
  5 torturous demonspawn
  A spectral iron dragon (Crypt:3)
  2 obsidian statues
  3 shadow dragon zombies
  6 putrid demonspawn (Pan)
  6 orc sorcerers
  A harpy (shapeshifter) (Depths:1)
  A tengu zombie (Zig:21)
  17 hill giants
  10 necromancers
  An anaconda skeleton (Geh:5)
  A mana viper (Zig:3)
  A sphinx zombie (Zig:12)
  15 anubis guards
  A golden dragon skeleton (Geh:2)
  33 phantasmal warriors
  A lindwurm (Lair:8)
  24 orb spiders
  A shadow dragon skeleton (Pan)
  3 shining eyes (shapeshifter)
  2 wolf spider zombies
  4 frost giant zombies
  53 ugly things
  15 hornets
  A lindwurm (shapeshifter) (Vaults:2)
  2 water nymphs (shapeshifter) (Vaults:5)
  4 tengu skeletons
  33 wolf spiders
  14 ironbrand convokers
  3 manticores
  A faun (shapeshifter) (Depths:2)
  9 shining eyes
  3 manticores (shapeshifter)
  A faun (Zig:7)
  15 deep elf conjurers
  A hornet (shapeshifter) (Vaults:4)
  7 cyclopes
  4 worldbinders
  A sphinx skeleton (Zig:14)
  8 wizards
  A hill giant (shapeshifter) (Zig:10)
  4 iron dragon skeletons
  4 iron dragon zombies
  3 fire giant zombies
  A naga mage (Zig:1)
  32 rust devils
  7 salamanders
  3 salamanders (shapeshifter)
  31 moths of wrath
  A stone giant skeleton (Pan)
  A shock serpent zombie (Dis:7)
  13 griffons
  6 dire elephant zombies
  12 vault sentinels
  6 sixfirhies
  3 fire giant skeletons
  3 guardian serpents (Zig:19)
  A guardian serpent (shapeshifter) (Zig:22)
  An eye of devastation (shapeshifter) (Elf:3)
  2 black mambas (shapeshifter)
  3 human skeletons
  Joseph (D:10)
  2 gargoyles
  3 frost giant skeletons
  27 smoke demons
  9 orange demons (Pan)
  12 black mambas
  5 eyes of devastation
  15 elephants
  A dire elephant skeleton (Hell)
  10 molten gargoyles (Geh:7)
  3 torpor snails
  A torpor snail (shapeshifter) (Zig:22)
  21 spiny frogs
  The ghost of xeno23 the Transmogrifier, a novice FeTm of Ru (D:9)
  2 spectral swamp worms (Tar:7)
  A pale draconian zombie (Crypt:2)
  A purple draconian zombie (Crypt:2)
  5 apocalypse crabs
  2 anaconda simulacra
  A kobold demonologist (D:14)
  12 hellions
  A green draconian zombie (Crypt:1)
  A white draconian zombie (Crypt:3)
  A black draconian zombie (Crypt:1)
  A redback zombie (Crypt:1)
  47 guardian mummies
  4 fire drakes
  9 hellwings
  43 yaktaurs
  24 demonic crawlers
  15 komodo dragons
  A catoblepas skeleton (Crypt:2)
  8 efreet
  24 tormentors
  2 hydra zombies
  2 ancient zymes (Abyss:3)
  A yellow draconian skeleton (Crypt:1)
  23 jumping spiders
  18 red devils
  A two-headed ogre (shapeshifter) (Vaults:5)
  33 two-headed ogres
  2 queen bees (shapeshifter)
  26 freezing wraiths
  22 deep elf priests
  2 polar bears
  A harpy skeleton (Tomb:1)
  3 tengu conjurers
  11 blue devils
  A troll (shapeshifter) (Vaults:4)
  16 wind drakes (Pan)
  13 bog bodies
  A merfolk (Zig:19)
  20 large abominations
  7 giant leeches
  77 slime creatures
  16 trolls
  2 fire giant simulacra
  A snapping turtle (shapeshifter) (Vaults:5)
  2 raiju (shapeshifter)
  4 ettin zombies
  A griffon zombie (Crypt:3)
  3 hydra skeletons
  A centaur simulacrum (D:14)
  8 boulder beetles
  27 ushabtiu
  18 trapdoor spiders
  3 fire dragon zombies
  4 fire dragon skeletons
  7 air elementals
  An alligator skeleton (Geh:7)
  An ice dragon zombie (Dis:2)
  70 redbacks
  3 alligator zombies
  4 vampires
  5 water elementals
  33 tarantellas
  28 blink frogs
  A griffon skeleton (Crypt:1)
  Sigmund (D:4)
  6 chaos spawn
  2 hogs (shapeshifter)
  A spriggan (shapeshifter) (Vaults:2)
  28 wraiths
  An ettin skeleton (Dis:7)
  5 ynoxinuls (Pan)
  An ice dragon skeleton (Pan)
  4 wyverns
  A hippogriff (shapeshifter) (Depths:4)
  58 flying skulls
  20 deep elf magi
  14 hippogriffs
  58 yaks
  21 shadows
  3 yaks (shapeshifter)
  6 hungry ghosts
  A black mamba skeleton (Pan)
  16 fire elementals
  A golden eye (Zig:16)
  22 deep elf fighters
  30 vampire mosquitoes
  2 basilisks (Lair:8)
  Menkaure (D:6)
  17 wolves
  A hydra simulacrum (Coc:1)
  A soldier ant (shapeshifter) (Vaults:3)
  An elf skeleton (Zig:21)
  8 insubstantial wisps
  2 nagas
  17 neqoxecs
  A water nymph zombie (Crypt:2)
  11 wargs
  11 water moccasins
  34 swamp worms
  25 hell hounds
  4 soldier ants
  4 spiny frog zombies
  A spectral troll (Crypt:3)
  48 orc warriors
  19 swamp drakes
  11 small abominations
  A gelid demonspawn skeleton (Crypt:3)
  3 mottled dragons
  16 wasps
  10 porcupines
  A spiny frog skeleton (Tomb:1)
  2 snapping turtle zombies
  A black bear (Lair:5)
  25 starcursed masses
  5 ice beasts
  6 sky beasts
  20 centaurs
  A boggart (shapeshifter) (Depths:1)
  11 necrophages
  35 spiders
  An alligator simulacrum (Hell)
  11 crocodiles
  A manticore zombie (Tomb:3)
  12 boggarts
  7 eyes of draining
  An ice beast (shapeshifter) (Depths:3)
  A snapping turtle skeleton (Geh:1)
  10 phantoms
  71 ogres
  A fire crab zombie (Crypt:1)
  2 big kobolds
  2 human zombies
  23 giant frogs
  6 elf zombies
  A gnoll sergeant (D:5)
  A water moccasin zombie (Crypt:2)
  A vine stalker skeleton (Crypt:3)
  8 scorpions
  A hippogriff zombie (Crypt:1)
  24 wights
  A raiju zombie (Crypt:2)
  A spriggan skeleton (Tomb:1)
  11 crimson imps
  3 human simulacra
  10 killer bees
  2 lava snakes (Lair:6)
  5 centaur zombies
  6 electric eels
  3 hounds
  22 jellies
  4 giant frog skeletons
  29 orc priests
  A soldier ant zombie (Crypt:3)
  8 iron imps
  36 orc wizards
  4 centaur skeletons
  A demonspawn skeleton (Crypt:3)
  26 worker ants
  10 iguanas
  A lightning spire (Zig:17)
  6 hell rats (Hell)
  A killer bee zombie (D:9)
  A big kobold zombie (Ossuary)
  21 sheep
  A demigod skeleton (Crypt:2)
  An ogre zombie (Geh:6)
  A hound zombie (D:4)
  84 mummies
  A hound skeleton (D:10)
  4 worker ant zombies
  74 river rats
  21 gnolls
  2 swamp drake skeletons (Crypt:1)
  14 adders
  2 giant eyeballs (Depths:2)
  4 white imps
  9 shadow imps
  4 oozes
  4 adder zombies
  15 worms
  216 orcs
  6 ball pythons
  12 bats
  6 giant cockroaches
  27 hobgoblins
  9 jackals
  23 kobolds
  3 quokkas
  A giant cockroach zombie (D:4)
  9 giant geckos
  3 giant gecko skeletons
  2 giant gecko zombies (D:4)
  8 giant newts
  9 goblins
  A goblin zombie (Ossuary)
  8 hobgoblin zombies (Ossuary)
  A jackal zombie (D:4)
  2 kobold skeletons
  9 kobold zombies (Ossuary)
  10 orc zombies (Ossuary)
  A quokka skeleton (D:4)
  A quokka zombie (D:8)
  13 rats
  A rat skeleton (Crypt:2)
  7 crawling corpses
  5 fire vortices (Vaults:5)
  6 fungi
  6 plants
4920 creatures vanquished.

Vanquished Creatures (collateral kills)
  An ogre (D:8)
  An orc warrior (D:5)
  An elf zombie (Ossuary)
  2 orc wizards
  2 gnolls
  2 adders
  An ooze (Sewer)
  A worm (Sewer)
  An orc (D:3)
  A giant newt (D:2)
  2 goblin zombies (Ossuary)
  A jackal zombie (Ossuary)
16 creatures vanquished.

Vanquished Creatures (others)
  An ancient lich (Zot:5)
  A deep elf blademaster (Elf:3)
  An Orb Guardian (Zot:5)
  2 titans
  A storm dragon (Pan)
  2 shadow dragons
  A blood saint (Pan)
  3 draconian monks
  A greater naga (Zig:19)
  An angel (Pan)
  A very ugly thing (Zig:22)
  A draconian caller (Zig:17)
  A deep elf annihilator (D:11)
  A salamander firebrand (Depths:2)
  A salamander stormcaller (Vaults:5)
  A white draconian (Zot:1)
  A mottled draconian (Zig:17)
  An ettin (Depths:2)
  2 vault guards
  A deep elf high priest (Depths:1)
  A yaktaur captain (Vaults:2)
  2 ice dragons (Coc:7)
  A hydra (Swamp:2)
  A centaur warrior (Zig:7)
  2 hell hogs (Geh:7)
  A shadow wraith (Vaults:5)
  3 ball lightnings
  A spriggan druid (Swamp:4)
  14 death scarabs
  An ice devil (Coc:7)
  2 deep trolls
  A phantasmal warrior (Vaults:5)
  A hill giant (Vaults:1)
  A giant orange brain (D:11)
  An anaconda skeleton (Tomb:3)
  5 ugly things
  A wolf spider (Zig:19)
  An iron dragon zombie (Geh:7)
  A manticore (Lair:8)
  3 large abominations (Zig:13)
  A frost giant zombie (Geh:7)
  An orc knight (Vaults:5)
  A dire elephant zombie (Geh:7)
  An apocalypse crab (Zig:22)
  A black mamba (Lair:6)
  2 spiny frogs
  A torpor snail (Spider:3)
  2 deep elf priests
  3 yaktaurs
  A guardian mummy (Tomb:2)
  A slime creature (Slime:6)
  A boulder beetle (shapeshifter) (Vaults:5)
  3 redbacks
  A ynoxinul (Zig:13)
  2 flying skulls
  2 yaks
  2 water elementals
  An ettin skeleton (Geh:7)
  A tarantella (Spider:4)
  A chaos spawn (Zig:10)
  2 deep elf fighters (Elf:3)
  A wolf (D:13)
  A spiny frog zombie (Geh:7)
  A spider (Zig:9)
  2 swamp drakes
  A centaur (shapeshifter) (Zig:22)
  4 ogres
  A spiny frog simulacrum (Hell)
  A giant frog (Lair:4)
  A crimson imp (Hell)
  A jelly (Zig:16)
  An orc wizard (Vaults:5)
  A worker ant (Spider:4)
  4 mummies (Tomb:2)
  2 river rats
  9 orcs
  A hobgoblin (Orc:1)
  A quokka (D:6)
  2 crawling corpses (Elf:3)
  29 eldritch tentacle segments (Pan)
  A fire vortex (Zig:13)
  2 fulminant prisms (Zig:22)
  51 fungi
  5 lost souls
  A lurking horror (Abyss:3)
  43 plants
267 creatures vanquished.

Grand Total: 5203 creatures vanquished

Notes
Turn   | Place    | Note
--------------------------------------------------------------
     0 | D:1      | xeno23 the Felid Transmuter began the quest for the Orb.
     0 | D:1      | Reached XP level 1. HP: 9/9 MP: 4/4
   181 | D:1      | Reached XP level 2. HP: 8/12 MP: 6/6
   187 | D:1      | Learned a level 2 spell: Sticks to Snakes
   207 | D:1      | Reached skill level 1 in Stealth
  1087 | D:1      | Reached XP level 3. HP: 16/16 MP: 5/7
  1599 | D:2      | Reached XP level 4. HP: 17/19 MP: 4/8
  1697 | D:2      | Found a shimmering altar of Xom.
  1891 | D:2      | Learned a level 3 spell: Spider Form
  2763 | D:3      | Found a glowing drain.
  2786 | Sewer    | Entered a sewer
  2818 | Sewer    | Reached XP level 5. HP: 16/22 MP: 7/9
  3453 | D:3      | Reached skill level 4 in Dodging
  3828 | D:3      | Found a sacrificial altar of Ru.
  3848 | D:3      | Became a worshipper of Ru the Awakened
  4142 | D:3      | Found a snail-covered altar of Cheibriados.
  4333 | D:3      | Found a faded altar to an unknown god.
  4603 | D:4      | Gained mutation: You are covered in thick fur (AC +2). [Felid growth]
  4603 | D:4      | Reached XP level 6. HP: 28/28 MP: 9/11
  4675 | D:4      | Noticed Sigmund
  4691 | D:4      | Killed Sigmund
  4790 | D:4      | Reached XP level 7. HP: 6/31 MP: 1/12
  5259 | D:4      | Gained mutation: You cannot drink potions while threatened. [Ru sacrifice]
  5259 | D:4      | Reached * piety under Ru
  5305 | D:4      | Learned a level 4 spell: Ice Form
  5308 | D:4      | Learned a level 2 spell: Stoneskin
  5378 | D:4      | Found Qetzum's Food Shoppe.
  5656 | D:5      | Entered Level 5 of the Dungeon
  5669 | D:5      | Found a sand-covered staircase.
  5682 | D:5      | Reached skill level 5 in Stealth
  5712 | Ossuary  | Entered an ossuary
  6473 | Ossuary  | Reached skill level 1 in Earth Magic
  6473 | Ossuary  | Reached XP level 8. HP: 13/36 MP: 10/14
  6863 | D:5      | Reached skill level 6 in Stealth
  7137 | D:5      | Killed from afar by an orc wizard
  7138 | D:5      | Reached XP level 7. HP: -3/33 MP: 12/13
  7147 | D:5      | Reached skill level 5 in Transmutations
  7205 | D:5      | Reached skill level 5 in Fighting
  7735 | D:5      | Reached skill level 5 in Dodging
  8154 | D:5      | Reached skill level 7 in Stealth
  8154 | D:5      | Reached XP level 8. HP: 19/37 MP: 12/14
  8613 | D:6      | Found a white marble altar of Elyvilon.
  8798 | D:6      | Noticed Menkaure
  8841 | D:6      | Reached skill level 5 in Unarmed Combat
  9238 | D:6      | Killed Menkaure
 10233 | D:7      | Found a staircase to the Ecumenical Temple.
 10240 | D:7      | Reached skill level 8 in Stealth
 10644 | D:7      | Reached XP level 9. HP: 41/41 MP: 11/16
 10897 | D:7      | Found a shimmering altar of Xom.
 10900 | D:7      | Found a glowing golden altar of the Shining One.
 10910 | D:7      | Found a glowing silver altar of Zin.
 11316 | D:8      | Noticed Psyche
 11339 | D:8      | Noticed Psyche
 11339 | D:8      | Psyche changed into Psyche the ogre
 11356 | D:8      | Killed Psyche the ogre
 11884 | D:9      | Noticed xeno23's ghost (novice FeTm)
 12096 | D:9      | Found a bloodstained altar of Trog.
 12147 | D:9      | Gained mutation: You are occasionally teleported next to monsters. [potion of mutation]
 12147 | D:9      | Gained mutation: You are surrounded by a mild repulsion field (EV +2). [potion of mutation]
 12147 | D:9      | Gained mutation: Your flesh is heat resistant. [potion of mutation]
 12273 | D:9      | Found Dexotiq's Antique Weapon Shoppe.
 12353 | D:8      | Learned a level 5 spell: Blade Hands
 12406 | D:9      | Slain by xeno23's ghost
 12407 | D:9      | Reached XP level 8. HP: -2/39 MP: 1/15
 12664 | D:9      | Found a staircase to the Orcish Mines.
 12913 | D:8      | Reached XP level 9. HP: 26/42 MP: 10/16
 13142 | D:10     | Entered Level 10 of the Dungeon
 13143 | D:10     | Gained mutation: You are somewhat inexperienced (-2 XL). [Ru sacrifice]
 13143 | D:10     | Reached XP level 8. HP: 20/39 MP: 15/15
 13143 | D:10     | Reached XP level 7. HP: 20/35 MP: 14/14
 13143 | D:10     | Reached ** piety under Ru
 13332 | D:10     | Reached skill level 9 in Transmutations
 13350 | D:10     | Reached XP level 8. HP: 30/39 MP: 13/15
 13641 | D:10     | Reached skill level 10 in Transmutations
 13742 | D:10     | Identified a scroll of acquirement
 13795 | D:10     | Noticed Joseph
 13796 | D:10     | Reached XP level 9. HP: 42/42 MP: 16/16
 14087 | D:10     | Reached skill level 11 in Transmutations
 14119 | D:10     | Found a staircase to the Lair.
 14696 | D:10     | Killed Joseph
 14696 | D:10     | Reached skill level 1 in Evocations
 14754 | D:10     | Noticed a centaur zombie
 14766 | D:10     | Killed a centaur zombie
 14888 | D:10     | Reached XP level 10. HP: 41/47 MP: 10/17
 15533 | D:9      | Found Ahiet's Antique Weapon Boutique.
 16026 | D:11     | Noticed an eight-headed hydra
 16041 | D:11     | Killed an eight-headed hydra
 16299 | Lair:1   | Entered Level 1 of the Lair of Beasts
 18210 | Lair:2   | Reached XP level 11. HP: 50/50 MP: 14/18
 18547 | Lair:2   | Noticed a seven-headed hydra
 18567 | Lair:2   | Reached skill level 10 in Stealth
 18772 | Lair:3   | Noticed Gastronok
 19112 | Lair:3   | Found a staircase to the Swamp.
 19181 | Lair:4   | Reached skill level 12 in Transmutations
 19843 | Lair:5   | Gained mutation: You take slightly more damage. (-3 AC) [Ru sacrifice]
 19843 | Lair:5   | Reached *** piety under Ru
 20658 | Lair:5   | Noticed a death yak
 20666 | Lair:5   | Noticed a death yak
 20671 | Lair:5   | Noticed a death yak
 21065 | Lair:6   | Noticed a death yak
 21065 | Lair:6   | Noticed a death yak
 21065 | Lair:6   | Noticed a death yak
 21065 | Lair:6   | Noticed a death yak
 21065 | Lair:6   | Noticed a death yak
 21065 | Lair:6   | Noticed a death yak
 21077 | Lair:6   | Killed a death yak
 21092 | Lair:7   | Noticed a death yak
 21092 | Lair:7   | Noticed a death yak
 21092 | Lair:7   | Noticed a death yak
 21195 | Lair:7   | Lost mutation: You are occasionally teleported next to monsters. [potion of cure mutation]
 21195 | Lair:7   | Lost mutation: You are surrounded by a mild repulsion field (EV +2). [potion of cure mutation]
 21195 | Lair:7   | Lost mutation: Your flesh is heat resistant. [potion of cure mutation]
 21674 | Lair:7   | Gained mutation: Your thick and shaggy fur keeps you warm (AC +3, rC+). [Felid growth]
 21674 | Lair:7   | Reached XP level 12. HP: 48/55 MP: 13/19
 22180 | Lair:7   | Reached skill level 5 in Earth Magic
 22702 | Lair:7   | Noticed a death yak
 22703 | Lair:7   | Noticed a death yak
 22710 | Lair:7   | Gained mutation: You are hated by all. [Ru sacrifice]
 22710 | Lair:7   | Reached **** piety under Ru
 22724 | Lair:7   | Killed a death yak
 22724 | Lair:7   | Reached skill level 5 in Evocations
 22864 | Lair:7   | HP: 1/67 [komodo dragon (24)]
 23150 | Lair:7   | Noticed a death yak
 23169 | Lair:7   | Killed a death yak
 23173 | Lair:7   | Noticed a catoblepas
 23177 | Lair:7   | Killed a death yak
 23200 | Lair:7   | Killed a death yak
 23200 | Lair:7   | Reached skill level 5 in Spellcasting
 23269 | Lair:7   | Killed a death yak
 23467 | Lair:7   | Killed a catoblepas
 23481 | Lair:7   | Killed a death yak
 23846 | Lair:7   | Noticed a five-headed hydra
 24438 | Lair:5   | Noticed a death yak
 24440 | Lair:5   | Noticed a death yak
 24453 | Lair:5   | Noticed a death yak
 24481 | Lair:5   | Killed a death yak
 24481 | Lair:5   | Reached skill level 10 in Unarmed Combat
 24481 | Lair:5   | Reached XP level 13. HP: 22/60 MP: 15/22
 24940 | Lair:5   | Reached skill level 10 in Dodging
 26082 | Lair:5   | Killed a death yak
 26127 | Lair:5   | Killed a death yak
 26134 | Lair:5   | Killed a death yak
 26140 | Lair:5   | Killed a death yak
 26146 | Lair:5   | Killed a death yak
 26146 | Lair:5   | Reached skill level 13 in Transmutations
 26358 | Lair:6   | Killed a death yak
 26689 | Lair:6   | Killed a death yak
 26700 | Lair:6   | Killed a death yak
 26740 | Lair:6   | Found a staircase to the Slime Pits.
 26784 | Lair:6   | Gained mutation: You are dopey. (Int -2) [Ru sacrifice]
 26784 | Lair:6   | Reached ***** piety under Ru
 26821 | Lair:6   | Killed a death yak
 26834 | Lair:6   | Killed a death yak
 27641 | Lair:6   | Reached skill level 10 in Fighting
 28156 | Lair:7   | Learned a level 6 spell: Hydra Form
 28190 | Lair:7   | Killed a five-headed hydra
 28190 | Lair:7   | Reached XP level 14. HP: 49/66 MP: 18/24
 28462 | Lair:8   | Entered Level 8 of the Lair of Beasts
 28523 | Lair:8   | Found a labyrinth entrance.
 28530 | Lab      | Entered a labyrinth
 29870 | Lair:8   | Slain by a water moccasin
 29871 | Lair:8   | Reached XP level 13. HP: -1/62 MP: 24/32
 29942 | Lair:8   | Gained mutation: You are clumsy. (Dex -2) [Ru sacrifice]
 31297 | Lair:8   | HP: 3/80 [spiny frog (20)]
 32185 | Lair:8   | Killed from afar by a manticore
 32186 | Lair:8   | Reached XP level 12. HP: -3/60 MP: 25/32
 32520 | Lair:3   | Found a hole to the Spider Nest.
 32921 | D:11     | Reached XP level 13. HP: 26/63 MP: 14/24
 33461 | D:11     | Noticed a red ugly thing
 33466 | D:11     | Killed a red ugly thing
 34125 | D:12     | Noticed Nergalle
 34132 | D:12     | Killed Nergalle
 34363 | Orc:1    | Entered Level 1 of the Orcish Mines
 34442 | Orc:1    | Found Giefaz's Gadget Shoppe.
 35076 | Orc:2    | Found Ecyc's Antique Armour Emporium.
 35300 | Orc:3    | Gained mutation: You are slightly vulnerable to magic. [Ru sacrifice]
 35300 | Orc:3    | Reached ****** piety under Ru
 35499 | Orc:3    | Found a staircase to the Elven Halls.
 36167 | Orc:4    | Entered Level 4 of the Orcish Mines
 36169 | Orc:4    | Noticed an orc warlord
 36177 | Orc:4    | Killed an orc warlord
 36179 | Orc:4    | Found a roughly hewn altar of Beogh.
 36179 | Orc:4    | Noticed Maud
 36616 | Orc:4    | Noticed Urug
 36616 | Orc:4    | Killed Urug
 36697 | Orc:4    | Found Waploce's Jewellery Shoppe.
 36900 | Orc:4    | Found Raraeg's Antique Weapon Shoppe.
 36928 | Orc:4    | Found Hoibur's Antique Armour Shoppe.
 37075 | Orc:4    | Found Nota's General Store.
 37091 | Orc:4    | Bought a wand of hasting (5) for 756 gold pieces
 37139 | Orc:4    | Bought an uncursed amulet of regeneration for 480 gold pieces
 37438 | Orc:4    | Killed Maud
 37438 | Orc:4    | Reached skill level 14 in Transmutations
 37528 | D:9      | Killed xeno23's ghost
 37611 | D:13     | Found a shimmering altar of Xom.
 37616 | D:13     | Reached XP level 14. HP: 68/68 MP: 26/26
 37660 | D:13     | Found an iron altar of Okawaru.
 37839 | D:13     | Learned a level 1 spell: Apportation
 38274 | D:13     | Noticed a stone giant
 38287 | D:13     | Killed a stone giant
 38589 | D:13     | Found a sparkling altar of Nemelex Xobeh.
 39551 | D:14     | Found a gate to the Vaults.
 39858 | D:15     | Entered Level 15 of the Dungeon
 40058 | D:15     | Noticed Josephine
 40348 | D:15     | Found a staircase to the Depths.
 40356 | D:15     | Reached XP level 15. HP: 58/73 MP: 22/28
 40560 | D:15     | Killed Josephine
 40961 | Lair:1   | Learned a level 3 spell: Passwall
 40968 | Lair:1   | Learned a level 6 spell: Statue Form
 41049 | Lair:3   | Killed Gastronok
 41400 | Spider:1 | Entered Level 1 of the Spider Nest
 42759 | Spider:2 | Reached skill level 15 in Stealth
 42814 | Spider:2 | HP: 3/73 [poisoned by a redback]
 43658 | Spider:2 | Gained mutation: You have a pair of small antennae on your head. [potion of beneficial mutation]
 44365 | Spider:3 | Reached XP level 16. HP: 78/78 MP: 29/29
 45115 | Spider:4 | Entered Level 4 of the Spider Nest
 45126 | Spider:4 | Reached skill level 15 in Transmutations
 45152 | Spider:4 | Noticed Aizul
 45348 | Spider:3 | Killed Aizul
 45379 | Spider:4 | Noticed Agnes
 45518 | Spider:3 | Killed Agnes
 45950 | Spider:4 | Reached skill level 10 in Earth Magic
 46722 | Spider:4 | Got a gossamer rune of Zot
 46871 | Swamp:1  | Entered Level 1 of the Swamp
 47177 | Swamp:1  | Reached skill level 16 in Stealth
 47531 | Swamp:2  | Noticed Frances
 47544 | Swamp:2  | Killed Frances
 47544 | Swamp:2  | Reached XP level 17. HP: 83/83 MP: 30/30
 48514 | Swamp:3  | Gained mutation: You can spit weak poison. [potion of mutation]
 48514 | Swamp:3  | Gained mutation: You are partially covered in thin metallic scales (AC +2). [potion of mutation]
 49174 | Swamp:4  | Entered Level 4 of the Swamp
 49203 | Swamp:4  | Reached skill level 15 in Unarmed Combat
 49807 | Swamp:4  | Got a decaying rune of Zot
 50232 | Lair:1   | Learned a level 4 spell: Petrify
 50239 | Lair:1   | Learned a level 5 spell: Lee's Rapid Deconstruction
 50382 | Vaults:1 | Entered Level 1 of the Vaults
 50571 | Vaults:1 | Reached skill level 15 in Fighting
 50571 | Vaults:1 | Reached skill level 1 in Translocations
 50723 | Vaults:1 | Found Visch's Antique Armour Shoppe.
 50746 | Vaults:1 | Noticed Asterion
 50969 | Vaults:1 | Noticed Wiglaf
 51283 | Vaults:1 | Reached XP level 18. HP: 31/89 MP: 13/31
 51556 | Vaults:1 | Killed Asterion
 51759 | Vaults:1 | Noticed Donald
 52027 | Vaults:1 | Killed Wiglaf
 52035 | Vaults:1 | Killed Donald
 52442 | Vaults:1 | Reached skill level 5 in Translocations
 52450 | Vaults:1 | Reached skill level 17 in Stealth
 52814 | Vaults:2 | Reached skill level 15 in Dodging
 54521 | Vaults:3 | Reached XP level 19. HP: 71/94 MP: 13/32
 54526 | Vaults:3 | Found a staircase to the Crypt.
 56184 | Vaults:4 | Reached skill level 18 in Stealth
 56416 | Vaults:4 | Reached XP level 20. HP: 98/99 MP: 28/33
 57689 | Elf:1    | Entered Level 1 of the Elven Halls
 57874 | Elf:1    | Found a portal to a secret trove of treasure.
 58296 | Elf:1    | Found Sajacoth's Book Boutique.
 58321 | Elf:1    | Bought a book of Minor Magic for 360 gold pieces
 58321 | Elf:1    | Bought a book of Necromancy for 540 gold pieces
 58354 | Elf:1    | Learned a level 3 spell: Regeneration
 58357 | Elf:1    | Learned a level 2 spell: Repel Missiles
 58768 | Elf:2    | Noticed Lonerover's ghost (journeyman MiFi)
 58774 | Elf:2    | Found a runed gate.
 58776 | Elf:2    | Found a runed gate.
 58777 | Elf:2    | Reached skill level 1 in Charms
 58778 | Elf:2    | Found a runed gate.
 58803 | Elf:2    | Killed Lonerover's ghost
 59300 | Elf:2    | Noticed Nikola
 59319 | Elf:2    | Killed Nikola
 59613 | Elf:3    | Entered Level 3 of the Elven Halls
 59903 | Elf:3    | hey guys
 59908 | Elf:3    | Reached skill level 5 in Charms
 60203 | Elf:3    | Reached XP level 21. HP: 105/105 MP: 34/34
 61106 | Elf:3    | Got a twitching silver ring
 61108 | Elf:3    | Identified the ring of Tecepoxt {Fire MP-9 Int+3 Slay+2} (You took it off a deep elf demonologist on level 3 of the Elven Halls)
 61227 | Elf:3    | Got a transparent ruby amulet
 61229 | Elf:3    | Identified the amulet "Gionit" {Stasis +Fly Dex+6} (You found it on level 3 of the Elven Halls)
 61248 | Elf:3    | Learned a level 2 spell: Blink
 61264 | Elf:3    | Identified Iskenderun's Collected Works on Flamy Attacks
 61737 | Depths:1 | Entered Level 1 of the Depths
 61791 | Depths:1 | Found a flickering gateway to a bazaar.
 61798 | Bazaar   | Entered a bazaar
 61798 | Bazaar   | Found Zykhlat's Distillery.
 61798 | Bazaar   | Found Olohischonic's Distillery.
 61798 | Bazaar   | Found Peli's General Store.
 61798 | Bazaar   | Found Niajuz's Assorted Antiques.
 61800 | Bazaar   | Found Odenyari's Distillery.
 61851 | Bazaar   | Bought a potion of mutation for 27 gold pieces
 61851 | Bazaar   | Gained mutation: Your muscles are strong. (Str +2) [potion of mutation]
 61851 | Bazaar   | Gained mutation: Your muscles are very strong. (Str +4) [potion of mutation]
 61852 | Bazaar   | Bought 2 potions of invisibility for 176 gold pieces
 61852 | Bazaar   | Bought a potion of brilliance for 44 gold pieces
 61852 | Bazaar   | Bought a potion of might for 44 gold pieces
 61852 | Bazaar   | Bought a potion of curing for 33 gold pieces
 61852 | Bazaar   | Bought a potion of curing for 33 gold pieces
 61852 | Bazaar   | Bought a potion of brilliance for 44 gold pieces
 61852 | Bazaar   | Bought a potion of magic for 88 gold pieces
 61858 | Bazaar   | Bought a potion of resistance for 90 gold pieces
 61858 | Bazaar   | Bought 2 potions of curing for 54 gold pieces
 61858 | Bazaar   | Bought a potion of brilliance for 36 gold pieces
 61858 | Bazaar   | Bought a potion of curing for 27 gold pieces
 61858 | Bazaar   | Bought a potion of berserk rage for 45 gold pieces
 61858 | Bazaar   | Bought a potion of invisibility for 72 gold pieces
 61858 | Bazaar   | Bought a potion of might for 36 gold pieces
 61858 | Bazaar   | Bought a potion of curing for 27 gold pieces
 61863 | Bazaar   | Bought a potion of magic for 80 gold pieces
 61863 | Bazaar   | Bought 2 potions of might for 80 gold pieces
 61863 | Bazaar   | Bought a potion of curing for 30 gold pieces
 61863 | Bazaar   | Bought a potion of cancellation for 80 gold pieces
 61863 | Bazaar   | Bought 2 potions of agility for 80 gold pieces
 61863 | Bazaar   | Bought a potion of might for 40 gold pieces
 61863 | Bazaar   | Bought a potion of might for 40 gold pieces
 61866 | Bazaar   | Bought a scroll of amnesia for 49 gold pieces
 61866 | Bazaar   | Bought a scroll of fog for 28 gold pieces
 61974 | Depths:1 | Found a one-way gate to the infinite horrors of the Abyss.
 61984 | Depths:1 | Found a one-way gate leading to the halls of Pandemonium.
 62822 | Depths:1 | Found a gateway to Hell.
 63006 | Depths:2 | Reached skill level 19 in Stealth
 63017 | Depths:2 | Paralysed by a giant eyeball for 2 turns
 63032 | Depths:2 | Found Diajiem's Assorted Antiques.
 63046 | Depths:2 | Bought a potion of might for 152 gold pieces
 63046 | Depths:2 | Bought a potion of curing for 114 gold pieces
 63046 | Depths:2 | Bought a potion of agility for 152 gold pieces
 63046 | Depths:2 | Bought a potion of heal wounds for 190 gold pieces
 63055 | Depths:2 | Noticed Sojobo
 63063 | Depths:2 | Killed Sojobo
 63079 | Depths:2 | HP: 3/137 [acid[Sojobo] (12)]
 63079 | Depths:2 | Killed from afar by a battlesphere
 63080 | Depths:2 | Reached XP level 20. HP: -9/132 MP: 28/33
 63139 | Depths:2 | Noticed a caustic shrike
 63142 | Depths:2 | Killed a caustic shrike
 63430 | Depths:2 | Got a flickering copper ring
 63433 | Depths:2 | Identified the ring "Zukuran" {Fire Str+2 Dex+2} (You found it on level 2 of the Depths)
 63464 | Depths:2 | HP: 2/132 [salamander firebrand/great mace of flaming (14)]
 63553 | Depths:2 | Noticed Margery
 63559 | Depths:2 | Killed Margery
 63578 | Depths:2 | Got a warped bronze ring
 63580 | Depths:2 | Identified the ring "Hipyovoe" {Fire *Confuse rPois Str+3} (You found it on level 2 of the Depths)
 63590 | Depths:2 | Found Burch's Magic Scroll Boutique.
 63626 | Depths:2 | Noticed Saint Roka
 63643 | Depths:2 | Reached XP level 21. HP: 106/106 MP: 35/35
 63653 | Depths:2 | Killed Saint Roka
 63690 | Depths:2 | HP: 4/137 [acid (12)]
 63779 | Depths:2 | Bought a wand of heal wounds for 912 gold pieces
 63888 | Depths:2 | Reached skill level 10 in Charms
 63923 | Depths:2 | Paralysed by a giant eyeball for 4 turns
 64031 | Depths:2 | Got a bound marble ring
 64047 | Depths:2 | Found Ehaext's Weapon Shoppe.
 64083 | Depths:2 | Found a gateway to a ziggurat.
 64090 | Depths:2 | Reached skill level 1 in Air Magic
 64205 | Depths:2 | Bought a scroll of recharging for 161 gold pieces
 64205 | Depths:2 | Bought a scroll of recharging for 161 gold pieces
 64205 | Depths:2 | Bought a scroll of fog for 34 gold pieces
 64205 | Depths:2 | Bought a scroll of amnesia for 59 gold pieces
 64205 | Depths:2 | Bought a scroll of teleportation for 51 gold pieces
 64205 | Depths:2 | Bought a scroll of amnesia for 59 gold pieces
 64409 | Depths:3 | Reached skill level 10 in Spellcasting
 65122 | Depths:3 | Identified the ring of Jaxuo {+Blink rElec Stlth-} (You took it off a vampire mage on level 2 of the Depths)
 65158 | Depths:3 | Noticed Jory
 65168 | Depths:3 | Killed Jory
 65680 | Depths:4 | Reached skill level 5 in Air Magic
 65704 | Depths:4 | Reached XP level 22. HP: 111/111 MP: 28/37
 65893 | Depths:4 | Noticed Frederick
 65914 | Depths:4 | Killed Frederick
 66318 | Depths:4 | Learned a level 6 spell: Deflect Missiles
 66327 | Depths:4 | Reached skill level 10 in Air Magic
 66414 | Depths:4 | Identified the Guide on Sinister Magic
 66618 | Depths:5 | Entered Level 5 of the Depths
 66678 | Depths:5 | Found a runed door.
 66704 | Depths:5 | Demolished by a cyan very ugly thing
 66705 | Depths:5 | Reached XP level 21. HP: -14/107 MP: 36/36
 66705 | Depths:5 | fuck
 66980 | Depths:5 | Noticed a juggernaut
 66989 | Depths:5 | Killed a juggernaut
 67015 | Depths:5 | Found a gate to the Realm of Zot.
 67235 | Depths:5 | Paralysed by a great orb of eyes for 6 turns
 67246 | Depths:5 | Reached skill level 20 in Stealth
 67379 | Depths:5 | Reached XP level 22. HP: 112/112 MP: 29/37
 67404 | Depths:5 | Got a bound pewter amulet
 67407 | Depths:5 | Identified the amulet "Wiogec" {Clar *Contam rElec rPois MP+9} (You took it off a tengu reaver on level 5 of the Depths)
 67864 | Depths:5 | Learned a level 6 spell: Haste
 68378 | Vaults:5 | Entered Level 5 of the Vaults
 68611 | Vaults:5 | Noticed an ancient lich
 68628 | Vaults:5 | Killed an ancient lich
 68703 | Vaults:5 | Noticed Xtahua
 68721 | Vaults:5 | HP: 6/146 [vault warden/long sword of protection (22)]
 69091 | Vaults:5 | Got a silver rune of Zot
 69259 | Vaults:5 | Noticed Mara
 69276 | Vaults:5 | Reached XP level 23. HP: 117/117 MP: 35/39
 69284 | Vaults:5 | Killed Xtahua
 69290 | Vaults:5 | Noticed xeno23's illusion
 69632 | Vaults:5 | Found Zifeb's Jewellery Emporium.
 69654 | Vaults:5 | Bought the ring "Icluaryv" {*Drain rC+ Dex+8} for 820 gold pieces
 69678 | Vaults:5 | Noticed xeno23's illusion
 69691 | Vaults:5 | Noticed xeno23's illusion
 69697 | Vaults:5 | Killed Mara
 70359 | Slime:1  | Entered Level 1 of the Pits of Slime
 70464 | Slime:6  | Entered Level 6 of the Pits of Slime
 70668 | Slime:6  | Noticed the royal jelly
 70682 | Slime:6  | Killed the royal jelly
 70682 | Slime:6  | Reached skill level 21 in Unarmed Combat
 70692 | Slime:6  | Slain by an azure jelly
 70693 | Slime:6  | Reached XP level 22. HP: -5/222 MP: 25/38
 70901 | Slime:6  | Got a slimy rune of Zot
 71454 | Vaults:1 | Learned a level 5 spell: Silence
 71789 | Zot:1    | Entered Level 1 of the Realm of Zot
 72309 | Zot:1    | Reached XP level 23. HP: 118/118 MP: 38/40
 72627 | Zot:2    | Reached skill level 22 in Unarmed Combat
 74072 | Zot:3    | Reached skill level 15 in Charms
 74227 | Zot:4    | Reached skill level 23 in Unarmed Combat
 74499 | Zot:4    | Reached XP level 24. HP: 114/124 MP: 40/40
 74718 | Zot:4    | Found a white marble altar of Elyvilon.
 74978 | Zot:5    | Entered Level 5 of the Realm of Zot
 75464 | Zot:5    | Noticed an ancient lich
 75490 | Zot:5    | Killed an ancient lich
 75525 | Zot:5    | Noticed an ancient lich
 75526 | Zot:5    | Noticed an ancient lich
 75526 | Zot:5    | Noticed an orb of fire
 75532 | Zot:5    | Noticed an orb of fire
 75532 | Zot:5    | Noticed an ancient lich
 75532 | Zot:5    | Noticed an ancient lich
 75533 | Zot:5    | Lost mutation: You can spit weak poison. [an orb of fire]
 75536 | Zot:5    | Killed an ancient lich
 75764 | Zot:5    | Noticed an ancient lich
 75781 | Zot:5    | Killed an ancient lich
 75796 | Zot:5    | Killed an ancient lich
 75932 | Zot:5    | Noticed an ancient lich
 75951 | Zot:5    | Killed an ancient lich
 75951 | Zot:5    | Reached skill level 1 in Hexes
 76667 | Zig:1    | Entered Level 1 of a ziggurat
 76692 | Zig:2    | Entered Level 2 of a ziggurat
 76709 | Zig:3    | Entered Level 3 of a ziggurat
 76739 | Zig:4    | Entered Level 4 of a ziggurat
 76814 | Zig:5    | Entered Level 5 of a ziggurat
 76854 | Zig:6    | Entered Level 6 of a ziggurat
 76918 | Zig:6    | Got a coiled platinum ring
 76929 | Zig:6    | Identified the ring "Gez Vuna" {+Fly rF+ rC+ MR+ Int+3} (You found it on level 6 of a ziggurat)
 76934 | Zig:7    | Entered Level 7 of a ziggurat
 77006 | Zig:7    | Identified Wenuatto's Guide on the Escort
 77008 | Zig:7    | Identified the Grimoire of Enhancements and Lightness
 77027 | Zig:8    | Entered Level 8 of a ziggurat
 77064 | Zig:8    | Reached XP level 25. HP: 105/130 MP: 35/41
 77096 | Zig:8    | Identified the Tome of the Birds and Confrontation
 77184 | Zig:9    | Entered Level 9 of a ziggurat
 77236 | Zig:9    | Reached skill level 5 in Hexes
 77310 | Zig:10   | Entered Level 10 of a ziggurat
 77400 | Zig:10   | Noticed Ceyn the pandemonium lord
 77437 | Zig:10   | Killed Ceyn the pandemonium lord
 77499 | Zig:10   | Got a crude steel amulet
 77501 | Zig:10   | Identified the amulet "Qiylaf" {Ward rPois rN+ Str+7} (You found it on level 10 of a ziggurat)
 77510 | Zig:10   | Got a bound pewter ring
 77511 | Zig:10   | Identified the ring "Haomuati" {rC+ Int+3 Stlth+} (You found it on level 10 of a ziggurat)
 77517 | Zig:10   | Identified the Incunabulum of the Hundredfold Cities
 77529 | Zig:10   | Learned a level 7 spell: Dragon Form
 77532 | Zig:11   | Entered Level 11 of a ziggurat
 77671 | Zig:11   | Reached skill level 24 in Unarmed Combat
 77779 | Zig:12   | Entered Level 12 of a ziggurat
 77820 | Zig:12   | Got a faintly glowing emerald amulet
 77822 | Zig:12   | Identified the amulet "Nigy" {Gourm Str+2} (You found it on level 12 of a ziggurat)
 77914 | Zig:13   | Entered Level 13 of a ziggurat
 77977 | Zig:13   | Paralysed by accursed screaming for 2 turns
 77978 | Zig:13   | HP: 2/170 [large abomination (12)]
 78191 | Zig:13   | Identified Nul Neni's Grimoire of Shape Shifting
 78199 | Zig:13   | Got a coiled jade ring
 78204 | Zig:13   | Got a ring of the Octopus King
 78205 | Zig:13   | Identified the ring "Gomuxa Wooma" {rN+ MP+9 SInv} (You found it on level 13 of a ziggurat)
 78208 | Zig:13   | Identified a ring of the Octopus King {MP+9 AC+1 EV+1 Str+1 Int+1 Dex+1} (You found it on level 13 of a ziggurat)
 78219 | Zig:14   | Entered Level 14 of a ziggurat
 78489 | Zig:15   | Entered Level 15 of a ziggurat
 78514 | Zig:15   | Noticed Joecen the pandemonium lord
 78540 | Zig:15   | Killed Joecen the pandemonium lord
 78561 | Zig:15   | Identified the Papyrus of the Whale
 78569 | Zig:15   | Learned a level 5 spell: Phase Shift
 78579 | Zig:15   | Got a shimmering amber ring
 78581 | Zig:15   | Identified the ring "Luoz" {Fire *Confuse MP+9 SInv} (You found it on level 15 of a ziggurat)
 78647 | Zig:16   | Entered Level 16 of a ziggurat
 78739 | Zig:16   | Identified An Early Guide to Spellcraft
 78747 | Zig:16   | Got a sparkling turquoise ring
 78761 | Zig:16   | Identified the ring of Tuyvoi {*Drain EV+2 Str+7} (You found it on level 16 of a ziggurat)
 78774 | Zig:17   | Entered Level 17 of a ziggurat
 78791 | Zig:17   | Noticed DEFE's ghost (legendary DEFi)
 78811 | Zig:17   | Killed DEFE's ghost
 78949 | Zig:17   | Identified the Almanac of Attacks
 78961 | Zig:17   | Gained mutation: You are resistant to electric shocks. [potion of beneficial mutation]
 79096 | Zig:18   | Entered Level 18 of a ziggurat
 79119 | Zig:18   | Reached skill level 25 in Unarmed Combat
 79329 | Zig:18   | Got a transparent lead ring
 79330 | Zig:18   | Identified the ring "Zeggenon" {+/*Tele Int+2} (You found it on level 18 of a ziggurat)
 79334 | Zig:18   | Got a steaming glass ring
 79335 | Zig:18   | Identified the ring "Faoneat" {Fire +Blink SInv} (You found it on level 18 of a ziggurat)
 79483 | Zig:19   | Entered Level 19 of a ziggurat
 79604 | Zig:19   | Got a clouded silver ring
 79605 | Zig:19   | Identified the ring of the Raven {rElec AC+2 Dex+7} (You found it on level 19 of a ziggurat)
 79682 | Zig:20   | Entered Level 20 of a ziggurat
 79944 | Zig:20   | Got a twitching turquoise ring
 79951 | Zig:20   | Identified the ring of Midnight {SustAt +Inv Str+4} (You found it on level 20 of a ziggurat)
 79956 | Zig:20   | Reached skill level 26 in Stealth
 80028 | Zig:21   | Entered Level 21 of a ziggurat
 80367 | Zig:21   | Identified Veixodic's Disquisition on Cloudy Arcane Weapons
 80370 | Zig:21   | Got a steaming amber ring
 80378 | Zig:21   | Identified the Disquisition on Beguiling and Companions
 80385 | Zig:21   | Got a scintillating ivory ring
 80388 | Zig:21   | Got a warped pewter ring
 80391 | Zig:21   | Identified Xonibb's Volume of Fire
 80397 | Zig:21   | Identified the ring "Dayniggu" {*Contam *Corrode rPois rC+ rN+} (You found it on level 21 of a ziggurat)
 80398 | Zig:21   | Identified the ring "Kimurilag" {Str+4 Int+3} (You found it on level 21 of a ziggurat)
 80399 | Zig:21   | Identified the ring "Inentuf" {+Inv rElec MR- AC+5 Dex-2} (You found it on level 21 of a ziggurat)
 80411 | Zig:22   | Entered Level 22 of a ziggurat
 80423 | Zig:22   | Noticed Liel the pandemonium lord
 80424 | Zig:22   | Noticed Upsis the pandemonium lord
 80425 | Zig:22   | Noticed Kuotoima the pandemonium lord
 80427 | Zig:22   | Noticed Hahebr Imila the pandemonium lord
 80429 | Zig:22   | Noticed Xobuep the pandemonium lord
 80432 | Zig:22   | Killed Kuotoima the pandemonium lord
 80439 | Zig:22   | Noticed Kuproc the pandemonium lord
 80443 | Zig:22   | Reached skill level 27 in Stealth
 80443 | Zig:22   | Killed Hahebr Imila the pandemonium lord
 80446 | Zig:22   | Killed Upsis the pandemonium lord
 80450 | Zig:22   | Killed Xobuep the pandemonium lord
 80453 | Zig:22   | Noticed Juysu the pandemonium lord
 80453 | Zig:22   | Noticed Nysed the pandemonium lord
 80462 | Zig:22   | HP: 2/176 [reaper/scythe of flaming (35)]
 80462 | Zig:22   | Slain by a reaper
 80497 | Zig:22   | Killed Liel the pandemonium lord
 80504 | Zig:22   | Killed Kuproc the pandemonium lord
 80538 | Zig:22   | Killed Juysu the pandemonium lord
 80573 | Zig:22   | Killed Nysed the pandemonium lord
 80791 | Zig:22   | Got an ancient granite ring
 80881 | Depths:2 | Identified the ring of the Commoners {SustAt rElec Int+3 SInv Stlth-} (You found it on level 22 of a ziggurat)
 80978 | Pan      | Entered Pandemonium
 80978 | Pan      | Noticed Mulix the pandemonium lord
 81061 | Pan      | Gained mutation: You are somewhat resistant to further mutation. [potion of beneficial mutation]
 81104 | Pan      | Found an exit through the horrors of the Abyss.
 81218 | Pan      | Found a runed door.
 81252 | Pan      | Reached skill level 27 in Unarmed Combat
 81414 | Pan      | Found an exit through the horrors of the Abyss.
 81424 | Pan      | Noticed Gagrots the pandemonium lord
 81431 | Pan      | Killed Gagrots the pandemonium lord
 81441 | Pan      | Gained mutation: Your body sometimes deteriorates upon taking damage. [a neqoxec]
 81628 | Pan      | Found an exit through the horrors of the Abyss.
 81679 | Pan      | Noticed Ysamn the pandemonium lord
 81686 | Pan      | Killed Ysamn the pandemonium lord
 82163 | Pan      | Found an exit through the horrors of the Abyss.
 82327 | Pan      | Gained mutation: You are very dopey. (Int -4) [a neqoxec]
 82363 | Pan      | Found an exit through the horrors of the Abyss.
 82491 | Pan      | Noticed Xoipe the pandemonium lord
 82492 | Pan      | Noticed Mennas
 82500 | Pan      | Killed Xoipe the pandemonium lord
 82652 | Pan      | Found an exit through the horrors of the Abyss.
 82659 | Pan      | Found an exit through the horrors of the Abyss.
 83262 | Pan      | Found a glowing silver altar of Zin.
 83274 | Pan      | Reached skill level 10 in Evocations
 83806 | Pan      | Found a glowing golden altar of the Shining One.
 83817 | Pan      | Noticed a seraph
 83828 | Pan      | Killed a seraph
 83872 | Pan      | Got a demonic rune of Zot
 84159 | Pan      | Found a white marble altar of Elyvilon.
 85080 | Pan      | Found an exit through the horrors of the Abyss.
 85247 | Pan      | Entered the realm of Mnoleg.
 85248 | Pan      | Noticed Mnoleg
 85269 | Pan      | Killed Mnoleg
 85270 | Pan      | Gained mutation: You regenerate slowly when monsters are visible. [a neqoxec]
 85320 | Pan      | Got a glowing rune of Zot
 85368 | Pan      | Reached skill level 10 in Translocations
 85383 | Pan      | Found an exit through the horrors of the Abyss.
 85519 | Pan      | Noticed Geenixze the pandemonium lord
 85520 | Pan      | Reached skill level 27 in Fighting
 85534 | Pan      | HP: 9/210 [???[Geenixze] (7)]
 85643 | Pan      | Lost mutation: Your muscles are very strong. (Str +4) [a cacodemon]
 85721 | Pan      | Noticed Mennas
 85724 | Pan      | Noticed Maos the pandemonium lord
 85731 | Pan      | Killed Mennas
 85928 | Pan      | Entered the realm of Lom Lobon.
 86005 | Pan      | HP: 5/210 [titan/the air (36)]
 86533 | Pan      | Noticed Lom Lobon
 86570 | Pan      | Got a magical rune of Zot
 86610 | Pan      | Entered the realm of Cerebov.
 86632 | Pan      | Noticed Lom Lobon
 86811 | Pan      | Noticed Cerebov
 86819 | Pan      | Identified the +6 Sword of Cerebov {flame}
 86819 | Pan      | Slain by Cerebov
 86820 | Pan      | damn
 86945 | Pan      | Identified Quan's Disquisition on Fire
 86989 | Pan      | Identified Roixkech's Lost Tome of the Archmage
 87009 | Pan      | Got a fiery rune of Zot
 87067 | Pan      | Identified the Disquisition on the Oath
 87080 | Pan      | Entered the realm of Gloorx Vloq.
 87080 | Pan      | Found an exit through the horrors of the Abyss.
 87281 | Pan      | Noticed Gloorx Vloq
 87303 | Pan      | shit
 87418 | Pan      | Got a dark rune of Zot
 87483 | Pan      | Took an exit into the Abyss.
 87483 | Abyss:1  | Escaped into the Abyss
 87559 | Abyss:2  | Found a shattered altar of Ashenzari.
 87617 | Abyss:3  | Found a corrupted altar of Lugonu.
 87738 | Abyss:3  | Got an abyssal rune of Zot
 87742 | Abyss:3  | Noticed an ancient lich
 87742 | Abyss:3  | Paralysed by accursed screaming for 2 turns
 87837 | Depths:1 | Escaped the Abyss
 87896 | Hell     | Entered the Vestibule of Hell
 87896 | Hell     | Noticed Geryon
 87901 | Hell     | Killed Geryon
 87914 | Hell     | Found a gateway to the freezing wastes of Cocytus.
 87935 | Hell     | Reached skill level 15 in Spellcasting
 88017 | Coc:1    | Entered Level 1 of Cocytus
 88330 | Coc:7    | Entered Level 7 of Cocytus
 88635 | Coc:7    | Noticed Antaeus
 88637 | Coc:7    | Got an icy rune of Zot
 88756 | Hell     | Found a gateway to the Iron City of Dis.
 88769 | Dis:1    | Entered Level 1 of the Iron City of Dis
 89484 | Dis:7    | Entered Level 7 of the Iron City of Dis
 89857 | Dis:7    | Identified Cibb's Papyrus of Feathers and Sinister Magic
 90199 | Dis:7    | Reached skill level 27 in Dodging
 90206 | Dis:7    | Reached skill level 15 in Translocations
 90334 | Dis:7    | Noticed Dispater
 90356 | Dis:7    | Killed Dispater
 90454 | Dis:7    | Got an iron rune of Zot
 90679 | Hell     | Found a gateway to the ashen valley of Gehenna.
 90699 | Geh:1    | Entered Level 1 of Gehenna
 91247 | Geh:7    | Entered Level 7 of Gehenna
 91250 | Geh:7    | damn that map
 91532 | Geh:7    | Noticed Asmodeus
 91541 | Geh:7    | Got an obsidian rune of Zot
 91549 | Geh:7    | Noticed the Serpent of Hell
 91619 | Geh:7    | Cast into the Abyss (hell knight)
 91650 | Abyss:1  | Found a sacrificial altar of Ru.
 91718 | Geh:7    | Escaped the Abyss
 91893 | Hell     | Found a gateway to the decaying netherworld of Tartarus.
 91909 | Tar:1    | Entered Level 1 of Tartarus
 92119 | Tar:7    | Entered Level 7 of Tartarus
 92409 | Tar:7    | Noticed Ereshkigal
 92417 | Tar:7    | Killed Ereshkigal
 92449 | Tar:7    | Got a bone rune of Zot
 92454 | Tar:7    | Got a scorched granite ring
 92455 | Tar:7    | Identified the ring of Zyreineu {rF+ Stlth+} (You found it on level 7 of Tartarus)
 92960 | Crypt:1  | Entered Level 1 of the Crypt
 94678 | Crypt:3  | Entered Level 3 of the Crypt
 94762 | Crypt:3  | Found an ancient bone altar of Kikubaaqudgha.
 94956 | Crypt:3  | Found a staircase to the Tomb.
 95280 | Crypt:3  | Found a basalt altar of Yredelemnul.
 95925 | Tomb:1   | Entered Level 1 of the Tomb of the Ancients
 96463 | Tomb:1   | Got a fine ruby amulet
 96464 | Tomb:1   | Identified the amulet "Vumobaiq" {Faith *Confuse Int+2 Dex+4 Slay+2} (You found it on level 1 of the Tomb of the Ancients)
 98077 | Tomb:3   | Entered Level 3 of the Tomb of the Ancients
 98371 | Tomb:3   | Slain by a death scarab
 98386 | Tomb:3   | Got a golden rune of Zot
 99923 | Zot:5    | Noticed an orb of fire
 99937 | Zot:5    | Killed an orb of fire
 99939 | Zot:5    | Noticed an ancient lich
 99944 | Zot:5    | Killed an ancient lich
 99952 | Zot:5    | Killed an orb of fire
 99952 | Zot:5    | Reached skill level 27 in Transmutations
 99957 | Zot:5    | Killed an ancient lich
100056 | Zot:5    | Killed an ancient lich
100066 | Zot:5    | Noticed an ancient lich
100102 | Zot:5    | Killed an ancient lich
100209 | Zot:5    | Noticed an orb of fire
100219 | Zot:5    | Killed an orb of fire
100227 | Zot:5    | Noticed an ancient lich
100232 | Zot:5    | Killed an ancient lich
100254 | Zot:5    | Killed an orb of fire
100380 | Zot:5    | Got the Orb of Zot
100447 | Zot:4    | Noticed Iliured the pandemonium lord
100753 | D:11     | Noticed Lom Lobon
100759 | D:11     | Killed by an exploding ball lightning

Action                   |  1- 3 |  4- 6 |  7- 9 | 10-12 | 13-15 | 16-18 | 19-21 | 22-24 | 25-27 || total
-------------------------+-------+-------+-------+-------+-------+-------+-------+-------+-------++-------
Melee: Unarmed           |    96 |   270 |   818 |   758 |  1729 |  1383 |  1637 |  1257 |  4068 || 12016
 Cast: Beastly Appendage |     8 |    20 |    27 |     1 |       |       |       |       |       ||    56
       Sticks to Snakes  |     3 |     8 |    27 |       |     2 |       |       |       |       ||    40
       Spider Form       |       |     5 |    37 |     9 |     3 |     1 |       |       |       ||    55
       Blade Hands       |       |       |     7 |    38 |    97 |     4 |       |       |       ||   146
       Stoneskin         |       |       |     3 |    10 |    30 |     9 |     4 |     6 |     1 ||    63
       Ice Form          |       |       |     1 |    10 |    12 |     4 |       |       |       ||    27
       Hydra Form        |       |       |       |       |    23 |       |       |       |       ||    23
       Statue Form       |       |       |       |       |    13 |    77 |    78 |    73 |   133 ||   374
       Petrify           |       |       |       |       |       |     5 |       |       |     2 ||     7
       Lee's Rapid Decon |       |       |       |       |       |     2 |       |     7 |       ||     9
       Apportation       |       |       |       |       |       |     2 |       |       |    16 ||    18
       Regeneration      |       |       |       |       |       |       |    46 |    41 |   348 ||   435
       Repel Missiles    |       |       |       |       |       |       |     6 |     1 |       ||     7
       Blink             |       |       |       |       |       |       |     3 |     3 |    16 ||    22
       Deflect Missiles  |       |       |       |       |       |       |     2 |     4 |     9 ||    15
       Passwall          |       |       |       |       |       |       |     1 |       |     6 ||     7
       Haste             |       |       |       |       |       |       |       |     8 |    46 ||    54
       Silence           |       |       |       |       |       |       |       |     3 |     3 ||     6
       Dragon Form       |       |       |       |       |       |       |       |       |    35 ||    35
       Phase Shift       |       |       |       |       |       |       |       |       |     6 ||     6
Invok: Sacrifice Drink   |       |       |     1 |       |       |       |       |       |       ||     1
       Sacrifice Experie |       |       |     1 |       |       |       |       |       |       ||     1
       Reject Sacrifices |       |       |     1 |     1 |     1 |       |       |       |       ||     3
       Draw Out Power    |       |       |       |     8 |    29 |     9 |     3 |       |     1 ||    50
       Sacrifice Health  |       |       |       |     1 |       |       |       |       |       ||     1
       Power Leap        |       |       |       |     3 |    16 |    13 |    24 |     2 |     5 ||    63
       Sacrifice Love    |       |       |       |     1 |       |       |       |       |       ||     1
       Apocalypse        |       |       |       |       |     9 |     5 |     9 |     6 |    56 ||    85
       Sacrifice Purity  |       |       |       |       |     2 |       |       |       |       ||     2
       Sacrifice Essence |       |       |       |       |     1 |       |       |       |       ||     1
 Abil: End Transformatio |       |       |     3 |     1 |    15 |     4 |     3 |       |     3 ||    29
       Evoke Teleportati |       |       |       |     1 |     7 |       |       |       |    37 ||    45
       Stop Flying       |       |       |       |       |       |       |       |       |     3 ||     3
Evoke: Wand              |       |       |     5 |     2 |     5 |     2 |    16 |    10 |    32 ||    72
  Use: Scroll            |       |    15 |    19 |    15 |    13 |    13 |    13 |    13 |    68 ||   169
       Potion            |       |     3 |     3 |     1 |     3 |     1 |     1 |     2 |    19 ||    33
 Stab: Sleeping          |     3 |    12 |    39 |    34 |    89 |    37 |    91 |    55 |   110 ||   470
       Distracted        |       |     1 |    11 |     7 |    21 |    21 |    29 |    31 |    71 ||   192
       Invisible         |       |       |     2 |     4 |    25 |    21 |    15 |    10 |    53 ||   130
       Petrified         |       |       |       |     2 |     2 |     7 |       |       |       ||    11
       Petrifying        |       |       |       |     1 |       |       |       |     1 |       ||     2
       Paralysed         |       |       |       |       |    38 |    11 |    14 |    16 |    77 ||   156
       Held in net/web   |       |       |       |       |       |     1 |       |       |       ||     1
       Confused          |       |       |       |       |       |     5 |       |       |       ||     5
  Eat: Chunk             |     6 |    10 |    40 |    35 |    81 |    80 |    84 |    81 |    80 ||   497
       Royal jelly       |       |       |       |       |     4 |     4 |     3 |     2 |    14 ||    27
       Meat ration       |       |       |       |       |       |       |       |     1 |    14 ||    15
       Pizza             |       |       |       |       |       |       |       |       |     3 ||     3
